 Dungeon Crawl Stone Soup version 0.28-a0-2-g643f2454ad (webtiles) character file.

Game seed: 7532967519437253978

888 pmoppi the Ruffian (level 8, 0/78 HPs)
             Began as an Ogre Transmuter on June 28, 2021.
             Slain by an orc warrior (6 damage)
             ... on level 5 of the Dungeon on July 22, 2021.
             The game lasted 00:15:49 (6559 turns).

pmoppi the Ruffian (Ogre Transmuter)                Turns: 6559, Time: 00:15:50

Health: 0/78       AC:  3    Str: 15    XL:     8   Next: 6%
Magic:  14/14      EV: 10    Int: 16    God:
Gold:   156        SH:  0    Dex:  9    Spells: 9/15 levels left

rFire   . . .      SeeInvis .     - Unarmed
rCold   . . .      Faith    .   (no shield)
rNeg    . . .      Spirit   .   a - +0 robe
rPois   .          Reflect  .   (helmet restricted)
rElec   .          Harm     .   (no cloak)
rCorr   .          Rampage  .   (gloves unavailable)
Will    .....                   (boots unavailable)
Stlth   +.........              (no amulet)
HPRegen 0.23/turn               (no ring)
MPRegen 0.14/turn               (no ring)

@: no status effects
A: large, unfitting armour, tough skin 1
a: no special abilities


You were on level 5 of the Dungeon.
You visited 1 branch of the dungeon, and saw 5 of its levels.

You collected 210 gold pieces.
You spent 54 gold pieces at shops.

Inventory:

Hand Weapons
 b - the +1 dagger "Guaxky" {flame, rElec Dex+2 SInv}
   (You found it on level 4 of the Dungeon)

   It burns those it strikes, dealing additional fire damage.
   Dex:       It affects your dexterity (+2).
   rElec:     It insulates you from electricity.
   SInv:      It lets you see invisible.
Missiles
 c - 3 atropa-tipped darts
Armour
 a - a +0 robe (worn)
 d - a +0 kite shield
 j - a +0 tower shield
Jewellery
 k - a ring of poison resistance
Wands
 o - a wand of flame (14)
Scrolls
 f - 2 scrolls of teleportation
 h - a scroll of magic mapping {unknown}
 i - a scroll of immolation {unknown}
 p - 4 scrolls of identify
Potions
 e - 2 potions of curing
 g - a potion of heal wounds
 l - a potion of mutation


   Skills:
 + Level 4.2 Fighting
 + Level 3.3 Dodging
 + Level 2.2 Shields
 * Level 5.1 Unarmed Combat
 + Level 4.1 Spellcasting
 + Level 3.3 Transmutations
 + Level 2.1 Poison Magic


You had 9 spell levels left.
You knew the following spells:

 Your Spells              Type           Power      Damage    Failure   Level
a - Beastly Appendage     Tmut           28%        N/A       4%          1
b - Wereblood             Tmut           14%        N/A       6%          2
c - Spider Form           Tmut/Pois      6%         N/A       16%         3

Your spell library contained the following spells:

 Spells                   Type           Power      Damage    Failure   Level
 Apportation              Tloc           6%         N/A       17%         1
 Slow                     Hex            3%         N/A       26%         2
 Confusing Touch          Hex            3%         N/A       45%         3
 Ice Form                 Ice/Tmut       8%         N/A       63%         4
 Alistair's Intoxication  Tmut/Pois      8%         N/A       83%         5
 Yara's Violent Unravell  Hex/Tmut       4%         3d4       93%         5
 Invisibility             Hex            1%         N/A       100%        6


Dungeon Overview and Level Annotations

Branches:
Dungeon (5/15)
 Temple: D:4-7

Altars:
Kikubaaqudgha

Shops:
D:1 =!*[


Innate Abilities, Weirdness & Mutations

You are too large for most types of armour.
You have tough skin. (AC +1)


Message History

The orc warrior closely misses you.
You completely miss the orc warrior. You claw the orc warrior.
Your headbutt misses the orc warrior.
You punch the orc warrior, but do no damage.
The orc warrior is moderately wounded.
The orc wizard hits you with a +0 dagger.
The orc warrior hits you with a +0 long sword of electrocution!
You closely miss the orc wizard. You claw the orc wizard.
Your headbutt misses the orc wizard.
The orc wizard is moderately wounded.
You howl as the wereblood boils in your veins!
The orc wizard hits you with a +0 dagger.
The orc warrior closely misses you.
You punch the orc wizard!
The orc wizard is almost dead.
The orc wizard gestures at you while chanting.
The magic dart hits you.
The orc warrior hits you with a +0 long sword of electrocution.
You barely miss the orc wizard. Your kick misses the orc wizard.
The orc wizard is almost dead.
The orc wizard hits you with a +0 dagger.
The orc warrior closely misses you.
You punch the orc wizard!
You feel a bit better.
You kill the orc wizard!
The orc warrior hits you with a +0 long sword of electrocution!!
* * * LOW HITPOINT WARNING * * *
You are electrocuted!!
* * * LOW HITPOINT WARNING * * *
Your transformation is almost over.
Things that are here:
a +0 dagger; a +0 robe You howl as the wereblood boils in your veins!
You howl as the wereblood boils in your veins!
Your horns disappear.
Your talons disappear.
Your primal bloodlust is almost over.
You howl as the wereblood boils in your veins!
You howl as the wereblood boils in your veins!
Your primal bloodlust has ended.
The orc warrior hits you with a +0 long sword of electrocution.
You die...

†.......#
......#.
......#...
...........
..........#
###
...#......
..#
+###....#
#.#
........#
#.#
........#
#@#
........#.#
#o#
.##).(....#
#.#
.##.#######
#.# .##)#
######.#
>##.#
#......#
###.#
#.###### #
#.# #.# #
#.#######.#


You could see an orc warrior.

Vanquished Creatures
  An ice beast (D:5)
  2 necrophages (D:5)
  A phantom (D:4)
  A scorpion (D:4)
  2 jellies
  2 orc priests (D:3)
  An iguana (D:3)
  Natasha (twice) (D:4)
  2 orc wizards
  A hound skeleton (D:3)
  4 gnolls (D:4)
  5 adders
  A shadow imp (D:5)
  2 adder skeletons (D:4)
  2 dart slugs
  20 orcs
  4 endoplasms
  3 giant cockroaches
  2 goblins
  4 hobgoblins
  18 jackals
  7 quokkas
  7 ball pythons
  5 bats
  3 frilled lizards
  8 kobolds
  8 rats
118 creatures vanquished.

Notes
Turn   | Place    | Note
-------+----------+-------------------------------------------
     0 | D:1      | pmoppi the Ogre Transmuter began the quest for the Orb.
     0 | D:1      | Reached XP level 1. HP: 19/19 MP: 3/3
    27 | D:1      | Found a faded altar of an unknown god.
   265 | D:1      | Reached XP level 2. HP: 24/28 MP: 3/5
   387 | D:1      | Found Tepum's Armour Emporium.
   404 | D:1      | Bought a +0 kite shield for 54 gold pieces
   441 | D:1      | Found Axkoucing's Assorted Antiques.
   470 | D:1      | Found Bisudef's Distillery.
   618 | D:1      | Reached skill level 3 in Unarmed Combat
   658 | D:1      | Found Jepnen's Jewellery Shoppe.
  1352 | D:1      | Reached XP level 3. HP: 35/35 MP: 7/7
  1355 | D:1      | Learned a level 2 spell: Wereblood
  1920 | D:2      | Reached XP level 4. HP: 17/42 MP: 8/8
  2363 | D:2      | Upgraded the game from 0.27-a0-1359-ga2a4dfd6fd to
                  | 0.28-a0-2-g643f2454ad
  2664 | D:2      | Learned a level 3 spell: Spider Form
  2922 | D:3      | Reached XP level 5. HP: 43/50 MP: 7/9
  2983 | D:3      | Found an ancient bone altar of Kikubaaqudgha.
  3029 | D:3      | Reached skill level 1 in Shields
  3823 | D:3      | Reached XP level 6. HP: 47/61 MP: 9/11
  4316 | D:3      | Reached skill level 1 in Poison Magic
  4536 | D:3      | Reached skill level 4 in Unarmed Combat
  5089 | D:4      | Noticed Natasha
  5100 | D:4      | Killed Natasha
  5146 | D:4      | Reached XP level 7. HP: 36/67 MP: 9/12
  5808 | D:4      | Noticed Natasha
  5821 | D:4      | Killed Natasha
  6030 | D:4      | Identified the +1 dagger "Guaxky" {flame, rElec Dex+2 SInv}
  6198 | D:5      | Entered Level 5 of the Dungeon
  6462 | D:5      | Reached skill level 5 in Unarmed Combat
  6462 | D:5      | Reached XP level 8. HP: 69/78 MP: 14/14
  6535 | D:5      | HP: 1/78 [orc warrior (20)]
  6559 | D:5      | Slain by an orc warrior

Illustrated notes

Levels and vault maps discovered:
D:1:      evilmike_arrival_plus, layout_basic,
          hellmonk_ecumenical_altar_arch_garden, serial_shops,
          nicolae_shop_statue_plus, nicolae_shop_stone, nicolae_diamond_shop,
          nicolae_shop_statue_plus, minmay_crystal_room,
          kennysheep_small_spiral, minmay_octomino_c4
D:2:      layout_rooms
D:3:      layout_loops_ring, nicolae_kikubaaqudgha_miasma_corner
D:4:      layout_basic, portal_sewer_entry_a, uniq_natasha
D:5:      layout_basic, minmay_temple_entry_stoned_glass

Skill      XL: |  1  2  3  4  5  6  7 |
---------------+----------------------+-----
Transmutations | 2 3 |  3.3
Unarmed Combat | 3 4 5 |  5.1
Dodging        | 2 3 |  3.3
Fighting       | 2 3 4 |  4.2
Spellcasting   | 3 4 |  4.1
Shields        | 1 2 |  2.2
Poison Magic   | 1 2 |  2.1

Action                   |  1- 3 |  4- 6 |  7- 9 || total
-------------------------+-------+-------+-------++-------
Melee: Unarmed           |   142 |   257 |   103 ||   502
       Kick              |     4 |    34 |    22 ||    60
       Headbutt          |     2 |    16 |     9 ||    27
       Punch             |       |     3 |     1 ||     4
 Cast: Beastly Appendage |     7 |    23 |    10 ||    40
       Wereblood         |     3 |    12 |     6 ||    21
  Use: Scroll            |       |       |     8 ||     8
 Stab: Sleeping          |       |     1 |       ||     1
Armor: Robe              |    54 |    63 |    20 ||   137
Dodge: Dodged            |    77 |   155 |    59 ||   291
Block: Kite shield       |    24 |       |       ||    24

Table legend: (Time is in decaauts)
 A = Elapsed time spent in this place.
 B = Non-inter-level travel time spent in this place.
 C = Inter-level travel time spent in this place.
 D = Time resting spent in this place.
 E = Time spent auto-exploring this place.
 F = Levels seen in this place.
 G = Mean time per level.
                   A        B        C        D        E       F      G
               +--------+--------+--------+--------+--------+-----+--------+
         Total |   6555 |   6389 |    166 |   1426 |   3898 |   5 | 1311.0 |
       Dungeon |   6555 |   6389 |    166 |   1426 |   3898 |   5 | 1311.0 |
               +--------+--------+--------+--------+--------+-----+--------+

Top non-repeatable levels by time:
     D:3: 2001 daAuts
     D:1: 1625 daAuts
     D:4: 1548 daAuts
     D:2: 1047 daAuts
     D:5: 332 daAuts
